 Dungeon Crawl Stone Soup version 0.28.0 (webtiles) character file.

Game seed: 12135471646466450732

179498 inmateoo the Fencer (level 16, 0/141 HPs)
             Began as a Demigod Fighter on Feb 14, 2022.
             Slain by an eldritch tentacle (15 damage)
             ... called by a mad acolyte of Lugonu
             ... on level 3 of the Abyss.
             The game lasted 00:47:33 (33868 turns).

inmateoo the Fencer (Demigod Fighter)              Turns: 33868, Time: 00:47:33

Health: 0/141      AC: 31    Str: 41      XL:     16   Next: 74%
Magic:  30/39      EV: 19    Int: 10 (14) God:
Gold:   1308       SH: 24    Dex: 30      Spells: 15/28 levels left

rFire   + + .      SeeInvis .   a - +7 double sword of Ciggac {vorpal, rF+ Will+}
rCold   + + .      Faith    .   b - +3 tower shield of Raimat {Will+ MP+9 Dex+5}
rNeg    + . .      Spirit   .   g - +7 Kryia's mail coat {PotionHeal*2 rC+}
rPois   +          Reflect  .   U - +4 helmet "Usto Gats" {Dex+8}
rElec   .          Harm     .   o - +2 cloak
rCorr   +          Rampage  .   E - +1 pair of gloves {Str+3}
Will    ++++.                   G - +0 pair of boots "Athutec" {rC+ rN+ rCorr}
Stlth   +.........              t - amulet of regeneration
HPRegen 1.13/turn               n - ring "Uvialapyc" {rPois Str+5 Int+4}
MPRegen 0.26/turn               N - ring of protection from fire

@: mighty, studying Bows
A: high MP 1, forlorn, divine attributes, iridescent scales 1, strong-willed 1
}: 1/15 runes: decaying
a: no special abilities


You were on level 3 of the Abyss.
You visited 5 branches of the dungeon, and saw 28 of its levels.
You visited the Abyss 2 times.
You also visited: Gauntlet.

You collected 3015 gold pieces.
You spent 1707 gold pieces at shops.

Inventory:

Hand Weapons
 a - the +7 double sword of Ciggac (weapon) {vorpal, rF+ Will+}
   (You acquired it on level 2 of the Lair of Beasts)

   It inflicts extra damage upon your enemies.
   rF:        It protects you from fire.
   Will:      It increases your willpower.
 k - the +10 long sword "Eclunnek" {vorpal, rElec Will+ Stlth+}
   (You found it on level 2 of the Dungeon)

   It inflicts extra damage upon your enemies.
   rElec:     It insulates you from electricity.
   Will:      It increases your willpower.
   Stlth:     It makes you more stealthy.
 y - a +2 double sword of flaming
Missiles
 i - 29 boomerangs (quivered)
Armour
 b - the +3 tower shield of Raimat (worn) {Will+ MP+9 Dex+5}
   (You acquired it on level 1 of the Swamp)

   Dex:       It affects your dexterity (+5).
   MP:        It affects your magic capacity (+9).
   Will:      It increases your willpower.
 g - the +7 Kryia's mail coat (worn) {PotionHeal*2 rC+}
   (You found it on level 11 of the Dungeon)

   Potions are twice as effective at healing its wearer.
   rC:        It protects you from cold.
 l - a +2 chain mail of fire resistance
 o - a +2 cloak (worn)
 E - a +1 pair of gloves of strength (worn)
 G - the +0 pair of boots "Athutec" (worn) {rC+ rN+ rCorr}
   (You found it in a Gauntlet)

   rC:        It protects you from cold.
   rN:        It protects you from negative energy.
   rCorr:     It protects you from acid and corrosion.
 U - the +4 helmet "Usto Gats" (worn) {Dex+8}
   (You bought it in a shop on level 9 of the Dungeon)

   Dex:       It affects your dexterity (+8).
Jewellery
 m - an amulet of magic regeneration
 n - the ring "Uvialapyc" (left hand) {rPois Str+5 Int+4}
   (You bought it in a shop on level 2 of the Orcish Mines)

   [ring of poison resistance]

   Str:       It affects your strength (+5).
   Int:       It affects your intelligence (+4).
   rPois:     It protects you from poison.
 s - the ring "Hoocka Oduu" {Will+ Dex+5 SInv Stlth-}
   (You found it on level 1 of the Vaults)

   [ring of see invisible]

   Dex:       It affects your dexterity (+5).
   SInv:      It lets you see invisible.
   Will:      It increases your willpower.
   Stlth:     It makes you less stealthy.
 t - an amulet of regeneration (around neck)
 v - a ring of protection from cold
 N - a ring of protection from fire (right hand)
 R - a ring of resist corrosion
Wands
 h - a wand of iceblast (24)
 w - a wand of polymorph (4)
 x - a wand of charming (6)
 A - a wand of acid (7)
 B - a wand of mindburst (29)
 F - a wand of paralysis (8)
 L - a wand of digging (2)
 T - a wand of flame (21)
Scrolls
 c - 4 scrolls of enchant armour
 e - 3 scrolls of silence
 f - a scroll of holy word
 j - 4 scrolls of vulnerability
 q - 5 scrolls of teleportation
 J - 2 scrolls of magic mapping
 O - a scroll of fog
 P - 2 scrolls of fear
Potions
 d - 2 potions of might
 p - a potion of mutation
 r - 6 potions of flight
 u - a potion of magic
 z - a potion of berserk rage
 D - 4 potions of brilliance
 H - 2 potions of resistance
 K - 3 potions of cancellation
 M - 2 potions of curing
 S - 3 potions of ambrosia
Miscellaneous
 I - a box of beasts (inert)


   Skills:
 + Level 12.4 Fighting
 + Level 17.2 Long Blades
 - Level 2.6 Polearms
 + Level 11.1 Armour
 + Level 10.8 Dodging
 + Level 10.2 Shields
 + Level 6.9 Spellcasting
 + Level 6.7 Fire Magic


You had 15 spell levels left.
You knew the following spells:

 Your Spells              Type           Power      Damage    Failure   Level
a - Swiftness             Air            3%         N/A       99%         3
b - Passwall              Tmut/Erth      2%         N/A       95%         2
c - Ignition              Fire           8%         3d5       100%        8

Your spell library contained the following spells:

 Spells                   Type           Power      Damage    Failure   Level
 Animate Skeleton         Necr           6%         N/A       88%         1
 Freeze                   Ice            12%        1d4       88%         1
 Pain                     Necr           12%        1d4       88%         1
 Ensorcelled Hibernation  Hex/Ice        6%         N/A       95%         2
 Frozen Ramparts          Ice            6%         1d2       99%         3
 Stone Arrow              Conj/Erth      6%         3d7       99%         3
 Summon Guardian Golem    Hex/Summ       3%         N/A       99%         3
 Tukima's Dance           Hex            3%         N/A       99%         3
 Vampiric Draining        Necr           3%         2d6       99%         3
 Anguish                  Hex/Necr       1%         N/A       100%        4
 Animate Armour           Summ/Erth      6%         N/A       100%        4
 Hailstorm                Conj/Ice       3%         3d3       100%        4
 Leda's Liquefaction      Hex/Erth       1%         N/A       100%        4
 Summon Lightning Spire   Summ/Air       3%         N/A       100%        4
 Fireball                 Conj/Fire      5%         3d5       100%        5
 Iskenderun's Battlesphe  Conj           3%         2d6       100%        5
 Lee's Rapid Deconstruct  Erth           1%         3d5*      100%        5
 Iron Shot                Conj/Erth      1%         9d1       100%        6
 Starburst                Conj/Fire      5%         6d4       100%        6
 Statue Form              Tmut/Erth      2%         N/A       100%        6
 Enfeeble                 Hex            1%         N/A       100%        7
 Orb of Destruction       Conj           1%         9d5       100%        7
 Spellforged Servitor     Conj/Summ      1%         N/A       100%        7
 Storm Form               Tmut/Air       1%         N/A       100%        7
 Lehudib's Crystal Spear  Conj/Erth      1%         10d2      100%        8
 Maxwell's Capacitive Co  Air            1%         ∞         100%        8


Dungeon Overview and Level Annotations

Branches:
Dungeon (15/15)            Temple (0/1) D:4            Lair (6/6) D:9
  Swamp (4/4) Lair:3        Snake (0/4) Lair:2        Slime (0/5) Lair:5
    Orc (2/2) D:10            Elf (0/3) Orc:2        Vaults (1/5) D:14
 Depths (0/4) D:15        Gauntlet (visited)

Shops:
D:9 [   D:10 [   D:12 [   D:15 (   Orc:2 (*=[

Portals:
Trove: D:14 (give 18 potions of curing)

Annotations:
D:14 2 transporters, Roxanne; kwass's ghost, journeyman GnIE
Lair:5 exclusion: oklob plant


Innate Abilities, Weirdness & Mutations

You have an increased reservoir of magic. (+10% MP)
You shall have no god before yourself.
Your divine heritage dramatically boosts your attributes as you level up.
You are partially covered in iridescent scales. (AC +2)
You are strong-willed. (Will+)


Message History

The tentacled starspawn tentacle-slaps you but does no damage.
The merfolk avatar chants a haunting song.
You resist with almost no effort.
The starcursed mass touches your larval shocksting beast.
You slice the tentacled starspawn!!
The tentacled starspawn is severely damaged.
The eldritch tentacle slaps you!
* * * LOW HITPOINT WARNING * * *
You feel your power leaking away.
You block the eldritch tentacle's attack.
Your larval shocksting beast hits the starspawn tentacle.
Your larval shocksting beast stings the starspawn tentacle.
You block the starspawn tentacle's attack.
A chorus of shrieks assaults your mind.
* * * LOW HITPOINT WARNING * * *
The tentacled starspawn bites you but does no damage.
You block the tentacled starspawn's attack.
The merfolk avatar chants a haunting song.
You resist with almost no effort.
A tentacle flies out from the starspawn's body!
The eldritch tentacle slaps you!
* * * LOW HITPOINT WARNING * * *
The eldritch tentacle shocks you!
* * * LOW HITPOINT WARNING * * *
The eldritch tentacle claws you but does no damage.
The starcursed mass touches your larval shocksting beast!
A starcursed mass splits.
A starspawn tentacle comes into view.
Okay, then.
The +7 Kryia's mail coat enhances the healing.
You feel better.
Your larval shocksting beast bursts into living lightning!
The living lightning hits the starcursed mass!
Your larval shocksting beast blinks!
The starcursed mass shudders and withdraws towards its neighbour. x2
You block the tentacled starspawn's attack.
The tentacled starspawn tentacle-slaps you but does no damage.
The merfolk avatar chants a haunting song.
You resist with almost no effort. The eldritch tentacle slaps you!
You die...

# # #.#...... . .#
# .#..#.. . .. .
.. #.# ....#...#
#. .§ # # . #.....
#.# .## # #. .
##..'###########p#
. #.##..#≈##≈#≈#≈#
... ......XX..'##
....
##.#≈≈)ww#.#.#
..#.##
#≈.≈m≈@wXX.##φ # .
##.#≈≈wX─#.#.# # #
......X§w.H##
#..#≈##≈#≈#≈# +#
## #### {# #


You could see 4 starcursed masses, an eldritch tentacle, 2 tentacled starspawn,
a merfolk avatar, a mad acolyte of Lugonu, 4 starspawn tentacles and a friendly
larval shocksting beast (summoned).

Vanquished Creatures
  Bai Suzhen (Swamp:4)
  Mlioglotl (Swamp:3)
  Jorgrun (D:12)
  A titan (Vaults:1)
  Gastronok (D:8)
  A tentacled starspawn (Abyss:3)
  A thorn hunter (Swamp:4)
  Donald (Swamp:3)
  2 fenstrider witches (Swamp:3)
  Aizul (Swamp:1)
  3 vault wardens (Vaults:1)
  The ghost of adperon the Cleaver, a journeyman DDAK of Lugonu (Lair:6)
  An orc warlord (Orc:2)
  Louise (D:15)
  3 ironbound preservers
  3 very ugly things (Vaults:1)
  A minotaur (Gauntlet)
  2 entropy weavers
  2 eleionomae (Swamp:4)
  Nessos (D:12)
  A yellow draconian (Abyss:3)
  A dire elephant (Vaults:1)
  An ettin (Vaults:1)
  2 shambling mangroves
  The ghost of Garym the Fighter, a journeyman MiBe of Trog (D:10)
  A fire dragon (D:14)
  A great orb of eyes (Vaults:1)
  A rakshasa (D:14)
  An ogre mage (D:14)
  3 ice dragons (Swamp:4)
  Erolcha (D:12)
  9 hydras
  Harold (D:7)
  3 centaur warriors
  7 boulder beetles
  A vault guard (Vaults:1)
  7 alligators
  3 two-headed ogres (D:11)
  A death knight (D:15)
  2 ironbound frosthearts (Vaults:1)
  2 titan zombies (D:15)
  Urug (Orc:2)
  A tengu warrior (D:8)
  2 orc high priests (Orc:2)
  A wretched star (Abyss:3)
  Sonja (D:11)
  3 skeletal warriors (D:15)
  4 goliath frogs
  3 spriggan druids
  4 deep trolls (Vaults:1)
  A swamp dragon (Swamp:3)
  The ghost of p0werm0de the Frost Mage, a novice GnIE of Cheibriados (D:7)
  A flayed ghost (D:15)
  A death drake (Swamp:4)
  4 wizards
  3 phantasmal warriors (Vaults:1)
  4 ironbound convokers (Vaults:1)
  3 lindwurms (Vaults:1)
  3 harpies (Vaults:1)
  A deep elf pyromancer (D:7)
  2 necromancers
  10 ugly things
  4 will-o-the-wisps
  6 orc sorcerers
  A frost giant zombie (D:15)
  3 orc knights (Orc:2)
  8 cyclopes
  5 manticores
  A wolf spider (Gauntlet)
  A worldbinder (Abyss:2)
  A moth of wrath (D:10)
  11 elephants (Lair:4)
  2 centaur zombies (D:10)
  A rust devil (Abyss:3)
  2 smoke demons
  An apocalypse crab (Abyss:1)
  2 black mambas
  A spriggan zombie (D:15)
  6 cane toads
  A gargoyle (D:13)
  Psyche (D:11)
  4 komodo dragons
  7 yaktaurs (Vaults:1)
  2 efreet
  10 starcursed masses (Abyss:3)
  6 freezing wraiths
  2 rime drakes
  2 ice devils (D:12)
  An unseen horror (Abyss:1)
  2 guardian mummies (D:14)
  A hellwing (Abyss:3)
  A tengu conjurer (D:13)
  6 polar bears
  A queen bee (Gauntlet)
  12 trolls
  4 meliai
  Prince Ribbit (D:8)
  3 tyrant leeches
  19 hornets
  29 slime creatures
  15 blink frogs
  2 dream sheep (Lair:6)
  2 shadows (Gauntlet)
  3 small abominations
  20 spriggans
  22 yaks
  A vampire (D:14)
  3 wraiths
  3 wyverns
  A fire bat (Abyss:3)
  4 basilisks
  4 steam dragons
  Grum (D:10)
  4 redbacks
  3 neqoxecs (Abyss:3)
  3 swamp worm simulacra (Swamp:4)
  14 swamp worms
  3 wargs
  3 nagas (Lair:2)
  An acid dragon (D:11)
  14 hydra simulacra (Swamp:4)
  22 water moccasins
  A swamp drake (Swamp:2)
  18 orc warriors
  A swamp drake (shapeshifter) (D:15)
  An ice beast (D:6)
  8 large abominations
  2 sky beasts
  3 black bears
  An elephant zombie (Lair:4)
  6 boggarts
  18 centaurs
  13 ogres
  35 wolves
  3 phantoms
  3 kobold brigands
  A komodo dragon zombie (Lair:4)
  19 bullfrogs
  A wyvern zombie (D:8)
  6 gnoll sergeants
  3 scorpions
  5 killer bees (Gauntlet)
  3 wights (D:4)
  7 howler monkeys
  9 electric eels
  A bullfrog zombie (D:5)
  3 hounds
  A jelly (D:5)
  A bullfrog skeleton (D:6)
  18 orc priests
  3 iguanas
  18 orc wizards
  A hound skeleton (D:4)
  A howler monkey zombie (D:9)
  12 gnolls
  2 howler monkey skeletons
  3 adders
  A shadow imp (D:7)
  2 white imps
  2 ufetubi (D:5)
  5 swamp drake simulacra (Swamp:4)
  A worm (D:2)
  2 dart slugs
  60 orcs
  10 endoplasms
  6 giant cockroaches
  6 goblins
  12 hobgoblins
  2 jackals (D:1)
  3 quokkas
  5 ball pythons
  7 bats
  2 frilled lizards (D:1)
  7 kobolds
  7 rats
  A starspawn tentacle (Abyss:3)
824 creatures vanquished.

Vanquished Creatures (collateral kills)
  A vault guard (Vaults:1)
  3 harpies (Vaults:1)
  A vault sentinel (Vaults:1)
  A warg (Orc:2)
  An orc warrior (Orc:2)
  2 wolves (D:9)
  2 hounds (D:9)
  2 orcs (Orc:2)
13 creatures vanquished.

Vanquished Creatures (others)
  A hydra (Swamp:4)
  A shadow imp (D:7)
  23 foxfires
  16 fungi
  A lurking horror (Abyss:3)
  31 plants
  6 starspawn tentacles
  4 withered plants (D:15)
83 creatures vanquished.

Grand Total: 920 creatures vanquished

Notes
Turn   | Place    | Note
-------+----------+-------------------------------------------
     0 | D:1      | inmateoo the Demigod Fighter began the quest for the Orb.
     0 | D:1      | Reached XP level 1. HP: 18/18 MP: 3/3
     1 | D:1      | Noticed an electric eel
   177 | D:1      | Reached XP level 2. HP: 25/25 MP: 4/4
   807 | D:2      | Reached XP level 3. HP: 29/30 MP: 5/5
  1291 | D:2      | Identified the +10 long sword "Eclunnek" {vorpal, rElec
                  | Will+ Stlth+}
  1418 | D:3      | Reached skill level 1 in Long Blades
  1418 | D:3      | Reached XP level 4. HP: 38/38 MP: 6/6
  1677 | D:3      | Reached skill level 2 in Long Blades
  1730 | D:3      | You fall into a shaft and drop 2 floors!
  1730 | D:5      | Entered Level 5 of the Dungeon
  1810 | D:5      | Noticed an ogre
  1815 | D:5      | Killed an ogre
  1816 | D:5      | Reached skill level 3 in Long Blades
  1816 | D:5      | Reached XP level 5. HP: 17/45 MP: 7/7
  2200 | D:5      | Noticed a sky beast
  2218 | D:4      | Reached skill level 4 in Long Blades
  2487 | D:4      | Reached XP level 6. HP: 43/51 MP: 8/8
  2605 | D:3      | Reached skill level 5 in Long Blades
  3197 | D:4      | Reached skill level 6 in Long Blades
  3432 | D:4      | Reached XP level 7. HP: 57/57 MP: 9/9
  3947 | D:4      | Found a staircase to the Ecumenical Temple.
  3960 | D:4      | Reached skill level 7 in Long Blades
  4394 | D:5      | Reached skill level 8 in Long Blades
  4492 | D:5      | Reached XP level 8. HP: 50/63 MP: 10/10
  4945 | D:6      | Reached skill level 9 in Long Blades
  5554 | D:7      | Noticed Harold
  5558 | D:7      | Reached skill level 10 in Long Blades
  5781 | D:7      | Noticed a deep elf pyromancer
  5802 | D:7      | Killed a deep elf pyromancer
  5803 | D:7      | Reached XP level 9. HP: 54/69 MP: 11/11
  6083 | D:7      | Killed Harold
  6084 | D:7      | Reached skill level 11 in Long Blades
  6345 | D:7      | Found a runed translucent door.
  6350 | D:7      | Noticed p0werm0de's ghost (novice GnIE)
  6419 | D:7      | Reached skill level 12 in Long Blades
  6778 | D:7      | Killed p0werm0de's ghost
  7268 | D:8      | Noticed a tengu warrior
  7273 | D:8      | Killed a tengu warrior
  7274 | D:8      | Reached skill level 13 in Long Blades
  7274 | D:8      | Reached XP level 10. HP: 37/77 MP: 13/13
  7716 | D:8      | Noticed Prince Ribbit
  7729 | D:8      | Killed Prince Ribbit
  8115 | D:8      | Noticed Gastronok
  8405 | D:8      | Killed Gastronok
  8406 | D:8      | Reached skill level 14 in Long Blades
  8406 | D:8      | Reached skill level 1 in Dodging
  8935 | D:9      | Found a staircase to the Lair.
  9112 | D:9      | Found Ityt's Armour Shop.
  9489 | D:10     | Entered Level 10 of the Dungeon
  9489 | D:10     | Found Goqisun's Antique Armour Shoppe.
  9726 | D:10     | Found a transporter.
  9729 | D:10     | Noticed Garym's ghost (journeyman MiBe)
  9730 | D:10     | Noticed a moth of wrath
  9753 | D:10     | Noticed Grum
  9906 | D:10     | Killed Grum
 10002 | D:10     | Found a transporter.
 10494 | D:10     | Found a staircase to the Orcish Mines.
 10842 | D:9      | Reached XP level 11. HP: 54/84 MP: 14/14
 12453 | Orc:1    | Entered Level 1 of the Orcish Mines
 12643 | D:9      | Bought a +2 chain mail of fire resistance for 215 gold
                  | pieces
 12682 | D:10     | Bought a runed cloak for 195 gold pieces
 12764 | Orc:2    | Entered Level 2 of the Orcish Mines
 12825 | D:11     | Reached skill level 5 in Armour
 12828 | D:11     | Reached skill level 5 in Shields
 12881 | D:11     | Noticed a two-headed ogre
 12889 | D:11     | Killed a two-headed ogre
 12890 | D:11     | Reached skill level 5 in Fighting
 13010 | D:11     | Noticed Psyche
 13016 | D:11     | Cast into level 1 of the Abyss (Psyche)
 13248 | Abyss:1  | Noticed a rakshasa
 13270 | Abyss:1  | Noticed a reaper
 13453 | Abyss:1  | Noticed a bone dragon
 13457 | Abyss:1  | Noticed a starcursed mass
 13458 | Abyss:1  | Noticed a sixfirhy
 13461 | Abyss:1  | Paralysed by accursed screaming for 1 turns
 13494 | Abyss:1  | Noticed a green very ugly thing
 13528 | Abyss:1  | Noticed a Hell Sentinel
 13648 | Abyss:1  | Noticed a deep elf sorcerer
 13832 | Abyss:1  | Noticed a thrashing horror
 13832 | Abyss:1  | Noticed a blizzard demon
 14079 | Abyss:2  | Noticed a tentacled starspawn
 14096 | D:11     | Escaped the Abyss
 14099 | D:11     | Killed Psyche
 14106 | D:11     | Noticed an orc warlord
 14216 | D:11     | Found the +7 Kryia's mail coat {PotionHeal*2 rC+}
 14442 | D:11     | Noticed Sonja
 14444 | D:11     | Noticed a two-headed ogre
 14448 | D:11     | Killed Sonja
 14455 | D:11     | Killed a two-headed ogre
 14686 | D:11     | Noticed a two-headed ogre
 14693 | D:11     | Killed a two-headed ogre
 14712 | D:11     | Reached XP level 12. HP: 100/105 MP: 15/15
 14766 | D:12     | Noticed Nessos
 14775 | D:12     | Killed Nessos
 15173 | D:12     | Reached skill level 5 in Dodging
 15177 | D:12     | Reached skill level 10 in Fighting
 15557 | D:12     | Reached XP level 13. HP: 88/113 MP: 16/16
 15878 | D:12     | Identified the +1 ring mail "Xiliriwo" {SInv}
 16221 | D:12     | Noticed Erolcha
 16234 | D:12     | Killed Erolcha
 16647 | D:12     | Found Paadunin's Armour Shoppe.
 16657 | D:12     | Bought a +1 pair of gloves of strength for 264 gold pieces
 17152 | D:13     | Noticed Jorgrun
 17185 | D:12     | Reached skill level 15 in Long Blades
 17559 | D:12     | Killed Jorgrun
 18386 | D:14     | Found a gate leading to a gauntlet.
 18399 | Gauntlet | Entered a Gauntlet
 18399 | Gauntlet | Found a transporter.
 18399 | Gauntlet | Found a transporter.
 18399 | Gauntlet | Found a transporter.
 18399 | Gauntlet | Found a transporter.
 18403 | Gauntlet | Found a transporter.
 18403 | Gauntlet | Found a transporter.
 18413 | Gauntlet | Found a transporter.
 18417 | Gauntlet | Found a transporter.
 18419 | Gauntlet | Noticed an entropy weaver
 18429 | Gauntlet | Found a transporter.
 18531 | Gauntlet | Found a transporter.
 18533 | Gauntlet | Found a transporter.
 18543 | Gauntlet | Found a transporter.
 18716 | Gauntlet | Killed an entropy weaver
 18732 | Gauntlet | Identified the +0 pair of boots "Athutec" {rC+ rN+ rCorr}
 18758 | Gauntlet | Found the +7 sceptre of Torment {pain, torment}
 18758 | Gauntlet | Identified the +6 broad axe "Zatuck" {freeze, Dex+3}
 18758 | Gauntlet | Noticed a minotaur
 18768 | Gauntlet | Killed a minotaur
 19060 | D:14     | Noticed kwass's ghost (journeyman GnIE)
 19083 | D:14     | Found a transporter.
 19088 | D:14     | Found a transporter.
 19592 | D:14     | Noticed Roxanne
 19696 | D:14     | Noticed an ironbound preserver
 20235 | D:14     | Found a gate to the Vaults.
 20315 | D:14     | Found a portal to a secret trove of treasure.
 20493 | Lair:1   | Entered Level 1 of the Lair of Beasts
 21141 | Lair:1   | Learned a level 3 spell: Swiftness
 21264 | Lair:2   | Reached XP level 14. HP: 121/121 MP: 17/17
 21616 | Lair:2   | Found a staircase to the Snake Pit.
 21735 | Lair:2   | Identified the +10 spear "Ogre's Death Toll" {vorpal, MP+9
                  | Stlth+}
 21892 | Lair:2   | Identified a scroll of acquirement
 21892 | Lair:2   | Acquired the +7 double sword of Ciggac {vorpal, rF+ Will+}
 21945 | Lair:3   | Reached skill level 1 in Spellcasting
 22111 | Lair:3   | Found a staircase to the Swamp.
 23324 | Lair:4   | Learned a level 2 spell: Passwall
 23333 | Lair:4   | Learned a level 8 spell: Ignition
 23734 | Lair:5   | Reached skill level 16 in Long Blades
 23796 | Lair:5   | Found a staircase to the Slime Pits.
 24054 | Lair:6   | Entered Level 6 of the Lair of Beasts
 24130 | Lair:6   | Reached skill level 1 in Fire Magic
 24159 | Lair:6   | Found a runed translucent door.
 24161 | Lair:6   | Noticed adperon's ghost (journeyman DDAK)
 24220 | Lair:6   | Identified the +8 morningstar of Cenoqe {drain, Str+4}
 25192 | Lair:6   | Killed adperon's ghost
 25194 | Lair:6   | Identified the +1 robe of the Trout {Str+2 Int-3 Slay+5}
 25445 | D:10     | Killed Garym's ghost
 25580 | D:15     | Entered Level 15 of the Dungeon
 25631 | D:14     | Killed an ironbound preserver
 25646 | D:15     | Found Dagaqal's Weapon Emporium.
 25827 | D:15     | Reached XP level 15. HP: 129/129 MP: 25/25
 25852 | D:15     | Noticed Louise
 25870 | D:15     | Killed Louise
 26114 | D:15     | Found a staircase to the Depths.
 27084 | D:9      | Bought the +4 helmet "Usto Gats" {Dex+8} for 483 gold
                  | pieces
 27681 | Orc:2    | Found a staircase to the Elven Halls.
 27928 | Orc:2    | Noticed Urug
 27978 | Orc:2    | Killed Urug
 28101 | Orc:2    | Reached skill level 10 in Armour
 28208 | Orc:2    | Found Xalulipo's Jewellery Shop.
 28230 | Orc:2    | Found Dacyxzeu's Antique Armour Shop.
 28266 | Orc:2    | Found Qumn's Antique Weapon Shop.
 28281 | Orc:2    | Found Myubrio's General Store.
 28428 | Orc:2    | Bought the ring "Uvialapyc" {rPois Str+5 Int+4} for 550
                  | gold pieces
 28603 | Swamp:1  | Entered Level 1 of the Swamp
 28652 | Swamp:1  | Reached skill level 5 in Spellcasting
 28832 | Swamp:1  | Acquired the +3 tower shield of Raimat {Will+ MP+9 Dex+5}
 28936 | Swamp:1  | Noticed Aizul
 28965 | Swamp:1  | Killed Aizul
 29722 | Swamp:3  | Noticed Donald
 29735 | Swamp:3  | Killed Donald
 29881 | Swamp:3  | Noticed Mlioglotl
 29893 | Swamp:3  | Paralysed by accursed screaming for 1 turns
 29896 | Swamp:3  | Killed Mlioglotl
 30175 | Swamp:3  | Reached skill level 5 in Fire Magic
 30197 | Swamp:3  | Noticed a fenstrider witch
 30204 | Swamp:3  | Killed a fenstrider witch
 30294 | Swamp:3  | Noticed a fenstrider witch
 30298 | Swamp:3  | Killed a fenstrider witch
 30537 | Swamp:4  | Entered Level 4 of the Swamp
 30701 | Swamp:4  | Reached skill level 10 in Dodging
 30824 | Swamp:4  | Noticed Bai Suzhen
 30854 | Swamp:4  | Killed Bai Suzhen
 30855 | Swamp:4  | Reached XP level 16. HP: 29/139 MP: 29/29
 31613 | Swamp:4  | Got a decaying rune of Zot
 31917 | Vaults:1 | Entered Level 1 of the Vaults
 32004 | Vaults:1 | Reached skill level 17 in Long Blades
 32520 | Vaults:1 | Reached skill level 10 in Shields
 32793 | Vaults:1 | Noticed a titan
 33050 | Vaults:1 | Identified the ring "Hoocka Oduu" {Will+ Dex+5 SInv Stlth-}
 33246 | Vaults:1 | Killed a titan
 33449 | Vaults:1 | Cast into level 3 of the Abyss (vault warden)
 33463 | Abyss:3  | Noticed a bone dragon
 33472 | Abyss:3  | Noticed a tentacled starspawn
 33482 | Abyss:3  | Killed a tentacled starspawn
 33638 | Abyss:3  | Gained mutation: You are dopey. (Int -2) [a neqoxec]
 33679 | Abyss:3  | Paralysed by accursed screaming for 1 turns
 33686 | Abyss:3  | Gained mutation: Your body sometimes deteriorates upon
                  | taking damage. [a neqoxec]
 33693 | Abyss:3  | Lost mutation: You are dopey. (Int -2) [potion of mutation]
 33693 | Abyss:3  | Lost mutation: Your body sometimes deteriorates upon taking
                  | damage. [potion of mutation]
 33693 | Abyss:3  | Gained mutation: You are strong-willed. (Will+) [potion of
                  | mutation]
 33693 | Abyss:3  | Gained mutation: You are partially covered in iridescent
                  | scales. (AC +2) [potion of mutation]
 33856 | Abyss:3  | Noticed a tentacled starspawn
 33856 | Abyss:3  | Noticed a tentacled starspawn
 33867 | Abyss:3  | HP: 4/141 [eldritch tentacle[a mad acolyte of Lugonu] (17)]
 33868 | Abyss:3  | Slain by an eldritch tentacle

Illustrated notes

Levels and vault maps discovered:
D:1:      arrival_aquarium_a, layout_basic, minmay_misc_feat_room,
          interstate_on_off
D:2:      layout_loops_cross, basic_altar,
          shapermc_ecumenical_altar_mp_ritualfount
D:3:      layout_basic
D:4:      layout_basic, pdpol_temple_overflow_zin_treasury_gozag_greed,
          fedhas_altar_2, minmay_temple_entry_nine_rooms
D:5:      layout_basic, nicolae_uskayaw_suspiria, nicolae_overflow_crystal_walls
D:6:      layout_rooms, serial_glass, glass_columns_a, glass_columns_a,
          minmay_fountain_box
D:7:      layout_rooms, lemuel_tele_altar, nzn_wu_jian_council_hall,
          kennysheep_mini, ebering_ghost_reflecting_pool, worms_lemuel,
          uniq_harold
D:8:      layout_loops_ring, fiery_altar_vehumet, grunt_ogre_cave, minivault_19,
          kennysheep_island_fort, uniq_gastronok, uniq_prince_ribbit1
D:9:      layout_basic, kennysheep_mini_moat, mainiacjoe_overflow_brackets,
          erik_lair_island, serial_glass, glass_columns_c, glass_columns_c,
          glass_columns_a, glass_columns_a, glass_columns_a, glass_columns_a,
          glass_columns_a, glass_columns_b, glass_columns_b, glass_columns_b,
          serial_shops, shop
D:10:     layout_small_grid, mainiacjoe_overflow_catwalk_spiral,
          kennysheep_orc_monster_closet_entryway, serial_shops,
          nicolae_stop_n_shop_1, gammafunk_ghost_berserking_beasts,
          serial_bayou_pond_e, uniq_grum
D:11:     layout_roguey, wad_dig_loot, uniq_psyche, uniq_sonja
D:12:     layout_loops_cross, serial_shops, nicolae_shop_window_shopping,
          uniq_nessos, uniq_erolcha
D:13:     layout_irregular_city, portal_ice_cave_demonic_guard, uniq_jorgrun
D:14:     layout_rooms, skrybe_vaults_entry_preservation, kennysheep_nub,
          gauntlet_entry_generic, serial_glass, glass_columns_b,
          glass_columns_b, item_on_display_a, due_unseen_surprise,
          gammafunk_ghost_hive, nicolae_trove_entry_path_of_doom, uniq_roxanne
D:15:     gammafunk_depths_entry_grave, layout_basic, minmay_misc_feat_alley,
          serial_shops, shop, roderic_lattice_a, zin_treasury, uniq_louise
Lair:1:   layout_chaotic_city
Lair:2:   layout_chaotic_city, guppyfry_snake_entry_island, st_stairs_7,
          beast_lair_carwin_3
Lair:3:   layout_cave_shapes, swamp_mist, basic_altar
Lair:4:   pond_and_an_island_with_a_cottage, layout_loops_ring,
          chequers_serial_rivers_room_a
Lair:5:   layout_small_grid, minmay_slime_entry_oklob_enclosed
Lair:6:   minmay_lair_end_enchanted_forest, layout_hall_layers,
          gammafunk_ghost_grave, serial_bayou, serial_bayou_shore_b,
          serial_bayou_shore_a, serial_bayou_lagoon_a, serial_bayou_pond_c,
          serial_bayou_crossing
Swamp:1:  layout_basic_swamp, evilmike_swamp_ruin_house_6, uniq_aizul
Swamp:2:  layout_basic_swamp, nicolae_swamp_trees_clearing
Swamp:3:  layout_basic_swamp, evilmike_swamp_ruin_house_5, uniq_mlioglotl,
          uniq_donald
Swamp:4:  swamp_icy, layout_basic_swamp, swamp_pool2,
          nicolae_swamp_some_circles, uniq_bai_suzhen
Orc:1:    layout_caves
Orc:2:    grunt_orc_cross, layout_diamond_mine
Vaults:1: v_pattern_2, st_hourglassy, v_alt_pattern_1, ontoclasm_vaults_twist,
          v_misc_27, nicolae_vaults_little_squares_1,
          vaults_room_grunt_arrival_ludios, vaults_room_door_ring,
          layout_vaults_big_room
Abyss:3:  base: Orc:1, nicolae_abyss_rune_left_handed, base: Swamp:2,
          bh_abyss_negative, evilmike_abyss_exit_3, evilmike_abyss_exit_vortex,
          evilmike_abyss_rune_siren_acolytes

Skill      XL: |  1  2  3  4  5  6  7  8  9 10 11 12 13 14 15 16 |
---------------+-------------------------------------------------+-----
Polearms       | 2 |  2.6
Armour         | 3 4 5 6 8 9 10 11 | 11.1
Shields        | 3 4 5 6 8 9 10 | 10.2
Fighting       | 3 4 9 10 11 12 | 12.4
Long Blades    | 1 3 4 6 8 10 13 14 15 16 17 | 17.2
Dodging        | 3 4 5 7 9 10 | 10.8
Spellcasting   | 4 5 6 |  6.9
Fire Magic     | 3 5 6 |  6.7

Action                   |  1- 3 |  4- 6 |  7- 9 | 10-12 | 13-15 | 16-18 || total
-------------------------+-------+-------+-------+-------+-------+-------++-------
Melee: Trident           |   140 |       |       |       |    18 |       ||   158
       Long sword        |     4 |    77 |   174 |   462 |   397 |       ||  1114
       Scimitar          |       |       |       |       |    23 |       ||    23
       Double sword      |       |       |       |       |  1101 |   422 ||  1523
Throw: Boomerang         |     2 |       |     2 |    16 |     4 |       ||    24
       Throwing net      |       |       |       |       |     7 |       ||     7
Evoke: Wand              |       |       |     3 |    10 |    11 |     3 ||    27
       Box of beasts     |       |       |       |       |     1 |     2 ||     3
  Use: Scroll            |       |       |    13 |    14 |    18 |     5 ||    50
       Potion            |       |       |       |     6 |     8 |     4 ||    18
 Stab: Paralysed         |       |       |       |     5 |       |       ||     5
       Held in net/web   |       |       |       |       |     2 |       ||     2
       Distracted        |       |       |       |       |     1 |       ||     1
Armor: Scale mail        |    57 |     9 |       |    31 |   581 |   105 ||   783
       Chain mail        |       |    22 |    55 |   140 |    66 |       ||   283
Dodge: Dodged            |    55 |    30 |    41 |   117 |   675 |   146 ||  1064
Block: Buckler           |    20 |    15 |    29 |       |       |       ||    64
       Kite shield       |       |       |       |   246 |   791 |       ||  1037
       Reflection        |       |       |       |       |     6 |       ||     6
       Tower shield      |       |       |       |       |   321 |   455 ||   776
